 Dungeon Crawl Stone Soup version 0.16-a0-3465-g53c7d0b (console) character file.

138 MrRokkomies the Slasher (level 5, -4/37 HPs)
             Began as a High Elf Skald on Jan 2, 2015.
             Slain by a goliath beetle (19 damage)
             ... on level 3 of the Dungeon.
             The game lasted 00:17:35 (2515 turns).

MrRokkomies the Slasher (High Elf Skald)            Turns: 2515, Time: 00:17:35

Health: -4/37      AC:  5    Str: 12    XL:     5   Next: 1%
Magic:  4/12       EV: 10    Int: 20    God:
Gold:   97         SH:  0    Dex: 14    Spells: 3 memorised, 2 levels left

rFire  . . .     SeeInvis .     a - +0 long sword
rCold  . . .     Clarity  .     l - +0 ring mail
rNeg   . . .     SustAb   .     (no shield)
rPois  .         Gourm    .     (no helmet)
rElec  .         Spirit   .     (no cloak)
rCorr  .         Warding  .     (no gloves)
rMut   .         Stasis   .     (no boots)
MR     .....                    (no amulet)
Stlth  +.........               (no ring)
                                f - +4 ring of intelligence

@: shrouded, very slightly contaminated, not resistant to hostile enchantments,
very unstealthy
A: no striking features
a: no special abilities


You were on level 3 of the Dungeon.
You were not hungry.

You visited 1 branch of the dungeon, and saw 3 of its levels.

You collected 97 gold pieces.

Inventory:

Hand weapons
 a - a +0 long sword (weapon)
 p - a +1 falchion
Missiles
 b - 21 poisoned needles
 h - 20 stones (quivered)
 i - 34 arrows
Armour
 l - a +0 ring mail (worn)
Jewellery
 f - a +4 ring of intelligence (left hand)
Scrolls
 n - a scroll of amnesia
Potions
 e - a potion of cure mutation
 k - a potion of agility {unknown}
 m - a potion of degeneration {unknown}
 q - a potion of poison {unknown}
Books
 c - a book of Battle

   Spells                             Type                      Level
   a - Infusion                       Charms                       1
   b - Shroud of Golubria             Charms/Translocation         2
   c - Song of Slaying                Charms                       2
   d - Spectral Weapon                Hexes/Charms                 3
   e - Regeneration                   Charms/Necromancy            3
Comestibles
 d - a bread ration
 g - a beef jerky


   Skills:
 * Level 3.7 Fighting
 * Level 5.0 Long Blades
 - Level 0.8 Armour
 - Level 1.1 Dodging
 - Level 2.4 Spellcasting
 - Level 3.6 Charms


You had 2 spell levels left.
You knew the following spells:

 Your Spells              Type           Power        Failure   Level  Hunger
a - Infusion              Chrm           ###...       6%          1    #......
b - Shroud of Golubria    Chrm/Tloc      #.........   21%         2    ##.....
c - Spectral Weapon       Hex/Chrm       #.......     38%         3    ###....


Dungeon Overview and Level Annotations

Branches:
Dungeon (3/15)

Altars:
Fedhas

Annotations:
D:3 Charly's ghost, average DEWz


Message History

The hobgoblin hits you.
You hit the hobgoblin but do no damage.
The hobgoblin is heavily wounded.
The hobgoblin hits you but does no damage.
You slash the hobgoblin!
You kill the hobgoblin!
Your Long Blades skill increases to level 5!
You see here a hobgoblin corpse.
You closely miss the goblin. The goblin hits you but does no damage.
Cast which spell? (? or * to list)
You miscast Shroud of Golubria.
You are very lightly contaminated with residual magic.
Nothing appears to happen.
The goblin barely misses you.
Casting: Shroud of Golubria
Confirm with . or Enter, or press ? or * to list all spells.
Space distorts slightly along a thin shroud covering your body.
Your shroud bends the goblin's attack away.
The goliath beetle bites you!!
Ouch! That really hurt!
You die...

### ..# #.# #.# #.# #.##########
..# ###########...........###
...>.' .......g@B...............
#....g# ##.....######†........##.
#.....# #.... #.........##.
......# #.....# #.........##.
.)...$# #.....# ####B#######.
......# #.....# #........#...
......####....[# #........#...
...............# #.....)..+..<
...............# #........#...
............#########........#...
####.........†..B................


You could see a goliath beetle and a goblin.

Vanquished Creatures
  An orc priest (D:3)
  Terence (D:3)
  4 adders
  A giant mite (D:2)
  2 giant geckos
  7 orcs (D:3)
  A ball python (D:3)
  A goblin (D:3)
  5 hobgoblins
  8 jackals
  5 bats
  4 giant newts
  8 kobolds
  5 rats
53 creatures vanquished.

Notes
Turn   | Place    | Note
--------------------------------------------------------------
     0 | D:1      | MrRokkomies, the High Elf Skald, began the quest for the Orb.
     0 | D:1      | Reached XP level 1. HP: 14/14 MP: 4/4
   474 | D:1      | Reached XP level 2. HP: 16/20 MP: 6/6
   506 | D:1      | Learned a level 2 spell: Shroud of Golubria
  1119 | D:2      | Reached XP level 3. HP: 17/25 MP: 5/8
  1483 | D:2      | Found a blossoming altar of Fedhas.
  1760 | D:2      | Learned a level 3 spell: Spectral Weapon
  2121 | D:3      | Reached skill level 4 in Long Blades
  2121 | D:3      | Reached XP level 4. HP: 28/31 MP: 2/11
  2244 | D:3      | Noticed Terence
  2262 | D:3      | Killed Terence
  2359 | D:3      | Noticed Charly's ghost (average DEWz)
  2470 | D:3      | Reached XP level 5. HP: 20/37 MP: 2/12
  2511 | D:3      | Reached skill level 5 in Long Blades
  2515 | D:3      | Slain by a goliath beetle

Action                   |  1- 3 |  4- 6 || total
-------------------------+-------+-------++-------
Melee: Falchion          |   100 |       ||   100
       Long sword        |    30 |    69 ||    99
Throw: Stone             |     3 |     1 ||     4
 Cast: Infusion          |     5 |     2 ||     7
       Shroud of Golubri |     8 |     5 ||    13
  Use: Scroll            |     5 |     1 ||     6
       Potion            |     2 |     1 ||     3
  Eat: Chunk             |     4 |     2 ||     6
